 Dungeon Crawl Stone Soup version 0.25.0-26-g0c896c7088 (webtiles) character file.

Game seed: 2359063191903906687

11106 protoss039 the Cleaver (level 11, -40/87 HPs)
             Began as a Vine Stalker Fighter on July 2, 2020.
             Was an Elder of Kikubaaqudgha.
             Killed from afar by a big kobold (47 damage)
             ... with an exploding inner flame
             ... hexed by the player character
             ... on level 11 of the Dungeon.
             The game lasted 00:51:15 (10876 turns).

protoss039 the Cleaver (Vine Stalker Fighter)      Turns: 10876, Time: 00:51:16

Health: -40/87     AC: 25    Str: 21    XL:     11   Next: 72%
Magic:  0/21       EV:  2    Int:  8    God:    Kikubaaqudgha [****..]
Gold:   485        SH: 11    Dex: 15    Spells: 10/10 levels left

rFire    . . .     SeeInvis .   a - +1 war axe
rCold    . . .     Gourm    .   c - +0 kite shield
rNeg     + + +     Faith    .   (armour currently unavailable)
rPois    +         Spirit   +   (helmet currently unavailable)
rElec    .         Reflect  .   (cloak currently unavailable)
rCorr    .         Harm     .   (gloves currently unavailable)
MR       +....     NoTele   +   (boots currently unavailable)
Stlth    +.........             p - amulet of the acrobat
HPRegen  0.64/turn              t - ring of magical power
MPRegen  0.17/turn              (no ring)

@: mighty, tree-form
A: regeneration 1, magic shield, no potion heal 3, rot immunity
a: Receive Corpses, Renounce Religion


You were on level 11 of the Dungeon.
You worshipped Kikubaaqudgha.
Kikubaaqudgha was greatly pleased with you.
You were not hungry.
You were a tree.
You visited 2 branches of the dungeon, and saw 12 of its levels.
You also visited: Ossuary.

You collected 485 gold pieces.

Inventory:

Hand Weapons
 a - a +1 war axe (weapon)
Armour
 c - a +0 kite shield (worn)
 o - a +0 pair of gloves (melded)
 u - a +3 leather armour of cold resistance
 D - a cursed +0 pair of boots (melded)
 E - the +4 ring mail "Fopabam" (melded) {*Slow Int+2 Dex+4}
   (You found it on level 8 of the Dungeon)

   It affects your intelligence (+2).
   It affects your dexterity (+4).
   It may slow you when you take damage.
 N - a cursed +0 cloak (melded)
 P - a +2 ring mail of cold resistance
Magical Staves
 O - an uncursed staff of earth
Jewellery
 b - an uncursed ring of poison resistance {unknown}
 h - an uncursed ring of flight {unknown}
 p - an amulet of the acrobat (around neck)
 t - a ring of magical power (left branch)
 v - an uncursed ring of magical power
Wands
 n - a wand of random effects (27)
 x - a wand of polymorph (17)
 G - a wand of flame (17)
 L - a wand of digging (8)
Scrolls
 d - 5 scrolls of remove curse
 e - 4 scrolls of magic mapping
 i - a scroll of fog
 j - 3 scrolls of immolation
 l - a scroll of amnesia
 m - a scroll of enchant armour
 q - 5 scrolls of teleportation
 r - 4 scrolls of enchant weapon
 s - 2 scrolls of blinking
 H - 2 scrolls of fear {unknown}
 K - 3 scrolls of identify
Potions
 g - 3 potions of mutation
 k - 9 potions of curing
 w - 2 potions of resistance
 z - a potion of degeneration {unknown}
 A - a potion of flight {unknown}
 B - 2 potions of brilliance {unknown}
 C - a potion of invisibility {unknown}
 F - a potion of haste
 I - a potion of stabbing {unknown}
 J - a potion of lignification
Comestibles
 f - 29 rations
 Q - 4 chunks of flesh


   Skills:
 + Level 7.1 Fighting
 + Level 11.1 Axes
 + Level 6.5 Armour
 + Level 7.6 Shields
 * Level 5.2 Necromancy


You had 10 spell levels left.
You didn't know any spells.
Your spell library contained the following spells:

 Spells                   Type           Power        Failure   Level  Hunger
 Pain                     Necr           #...         13%         1    ##.....
 Sublimation of Blood     Necr           #.........   21%         2    ###....
 Vampiric Draining        Necr           #.........   36%         3    ####...
 Corpse Rot               Necr/Air       N/A          50%         2    ###....
 Summon Small Mammal      Summ           #...         73%         1    ##.....
 Animate Dead             Necr           N/A          78%         4    #####..
 Dispel Undead            Necr           #.......     78%         4    #####..
 Call Imp                 Summ           #.......     86%         2    ###....
 Call Canine Familiar     Summ           #.......     97%         3    ####...
 Confusing Touch          Hex            #.......     97%         3    ####...
 Gell's Gravitas          Tloc           #.........   97%         3    ####...
 Summon Guardian Golem    Hex/Summ       #.......     97%         3    ####...
 Petrify                  Tmut/Erth      #.......     100%        4    #####..
 Summon Ice Beast         Ice/Summ       #.......     100%        4    #####..
 Summon Lightning Spire   Summ/Air       #.......     100%        4    #####..
 Borgnjor's Vile Clutch   Necr/Erth      #.........   100%        5    ######.
 Metabolic Englaciation   Hex/Ice        #.........   100%        5    ######.
 Yara's Violent Unravell  Hex/Tmut       #.........   100%        5    ######.
 Death Channel            Necr           #.........   100%        6    #######
 Simulacrum               Ice/Necr       #.........   100%        6    #######


Dungeon Overview and Level Annotations

Branches:
Dungeon (11/15)            Temple (1/1) D:7            Lair (0/6) D:9
    Orc (0/2) D:9         Ossuary (visited)

Altars:
Ashenzari
Cheibriados
Dithmenos
Elyvilon
Fedhas
Gozag
Hepliaklqana
Kikubaaqudgha
Makhleb
Nemelex Xobeh
Okawaru
Qazlal
Ru
Sif Muna
Trog
Uskayaw
Vehumet
Wu Jian
Xom
Yredelemnul
Zin
The Shining One

Annotations:
D:9 exclusion: oklob plant


Innate Abilities, Weirdness & Mutations

((You have razor-sharp teeth.))
Your natural rate of healing is unusually fast.
When hurt, damage is shared between your health and your magic reserves.
((Your bite disrupts and absorbs the magic of your enemies.))
Potions cannot restore your health.
You are immune to rotting.


Message History

The fiery explosion engulfs the orc priest!!
The orc priest explodes!
The fiery explosion engulfs the orc!!
The orc explodes!
The fiery explosion engulfs the kobold!!
The kobold explodes!
The fiery explosion engulfs the orc priest!!!
The orc priest explodes!
Kikubaaqudgha accepts your kill. x2
The fiery explosion engulfs the big kobold!!
Flame seeps out of the big kobold.
The big kobold is almost dead.
The fiery explosion engulfs the kobold!!!
The kobold explodes!
The fiery explosion engulfs the big kobold!!
The big kobold explodes!
The fiery explosion engulfs you!!!
Ouch! That really hurt!
You die...
Kikubaaqudgha rasps: "You have failed me!
Welcome... death!"

.## #. ..##.
..... #§§§ ##§§#
.# §§§##.o# #
#§§§o..##
#.##♣###...#
#.....o.....
#.##<###.### ..
#.# #.. ..# #####
...#
###<.>###....
###.#...#.###..
###...#...#...###


You could see an orc wizard (inner flame) and 2 orcs.

Vanquished Creatures
  A centaur warrior (D:11)
  2 two-headed ogres
  Pikel (D:5)
  A cyclops (D:11)
  2 trolls (D:11)
  3 hippogriffs
  2 wraiths
  A wyvern (D:8)
  Eustachio (D:6)
  A spriggan (D:7)
  2 hungry ghosts
  Menkaure (D:4)
  2 orc warriors
  4 ice beasts
  2 sky beasts
  4 black bears
  2 phantoms
  An ogre (D:4)
  3 centaurs
  A crocodile (D:8)
  4 big kobolds
  5 bullfrogs
  2 gnoll sergeants (D:7)
  9 scorpions
  18 killer bees
  A crimson imp (D:5)
  14 howler monkeys
  3 centaur zombies
  4 human zombies (Ossuary)
  2 jellies (D:10)
  2 gnoll shamans
  7 orc wizards
  7 orc priests
  3 hounds
  Jessica (D:3)
  7 centaur skeletons
  2 iguanas
  8 worker ants
  A killer bee zombie (D:9)
  A hound zombie (D:10)
  A hound skeleton (D:10)
  3 mummies (Ossuary)
  A worker ant zombie (D:6)
  13 gnolls
  A scorpion zombie (Ossuary)
  18 adders
  2 shadow imps (D:9)
  4 adder skeletons
  4 worms
  8 dart slugs
  5 leopard geckos
  37 orcs
  5 bats
  A bat skeleton (D:2)
  A bat zombie (D:2)
  5 giant cockroaches
  4 gnoll zombies (Ossuary)
  4 goblins
  6 hobgoblins
  14 jackals
  6 quokkas
  2 ball pythons
  8 frilled lizards
  A goblin zombie (Ossuary)
  A hobgoblin zombie (Ossuary)
  A jackal skeleton (D:4)
  27 kobolds
  2 kobold zombies (Ossuary)
  A leopard gecko zombie (D:9)
  An orc zombie (Ossuary)
  A quokka skeleton (D:5)
  9 rats
335 creatures vanquished.

Vanquished Creatures (others)
  A sky beast (D:5)
  A centaur (D:5)
  A hobgoblin zombie (Ossuary)
  13 toadstools (D:9)
16 creatures vanquished.

Grand Total: 351 creatures vanquished

Notes
Turn   | Place    | Note
-------+----------+-------------------------------------------
     0 | D:1      | protoss039 the Vine Stalker Fighter began the quest for the
                  | Orb.
     0 | D:1      | Reached XP level 1. HP: 11/11 MP: 2/2
   241 | D:1      | Reached XP level 2. HP: 16/16 MP: 3/3
   612 | D:1      | Reached skill level 2 in Axes
   621 | D:1      | Reached XP level 3. HP: 18/20 MP: 2/4
  1475 | D:2      | Gained mutation: Your natural rate of healing is unusually
                  | fast. [Vine Stalker growth]
  1475 | D:2      | Reached XP level 4. HP: 24/24 MP: 5/5
  2133 | D:3      | Reached skill level 3 in Axes
  2133 | D:3      | Reached XP level 5. HP: 28/28 MP: 6/6
  2192 | D:3      | Found a white marble altar of Elyvilon.
  2211 | D:3      | Found a sparkling altar of Nemelex Xobeh.
  2211 | D:3      | Found a glowing golden altar of the Shining One.
  2213 | D:3      | Found a snail-covered altar of Cheibriados.
  2213 | D:3      | Found a shimmering altar of Xom.
  2213 | D:3      | Found a sparkling altar of Nemelex Xobeh.
  2365 | D:3      | Found a shimmering blue altar of Sif Muna.
  2422 | D:3      | Noticed Jessica
  2428 | D:3      | Killed Jessica
  2614 | D:3      | Reached XP level 6. HP: 32/32 MP: 7/7
  3126 | D:4      | Reached skill level 4 in Axes
  3205 | D:4      | Noticed Menkaure
  3223 | D:4      | Killed Menkaure
  3223 | D:4      | Reached XP level 7. HP: 7/36 MP: 8/8
  3548 | D:4      | Found a sand-covered staircase.
  3557 | Ossuary  | Entered an ossuary
  3576 | Ossuary  | Reached skill level 5 in Axes
  3952 | Ossuary  | Gained mutation: You have razor-sharp teeth. [Vine Stalker
                  | growth]
  3952 | Ossuary  | Reached XP level 8. HP: 42/42 MP: 9/9
  3986 | Ossuary  | Reached skill level 6 in Axes
  4542 | D:5      | Entered Level 5 of the Dungeon
  4572 | D:5      | Noticed Pikel
  4596 | D:5      | Killed Pikel
  4596 | D:5      | Reached skill level 7 in Axes
  5382 | D:6      | Reached XP level 9. HP: 33/46 MP: 10/10
  5391 | D:6      | Reached skill level 5 in Shields
  5502 | D:6      | Noticed Eustachio
  5552 | D:6      | Killed Eustachio
  5621 | D:6      | Reached skill level 5 in Fighting
  5624 | D:6      | Reached skill level 8 in Axes
  6354 | D:7      | Reached skill level 9 in Axes
  6354 | D:7      | Reached skill level 5 in Armour
  6536 | D:7      | Found a staircase to the Ecumenical Temple.
  6551 | D:7      | Reached XP level 10. HP: 45/53 MP: 11/11
  6562 | Temple   | Entered the Ecumenical Temple
  6946 | Temple   | Became a worshipper of Kikubaaqudgha
  7095 | D:7      | Reached skill level 1 in Necromancy
  7416 | D:7      | Reached * piety under Kikubaaqudgha
  7416 | D:7      | Identified Kikubaaqudgha's Compendium of Stolen Souls
                  | (Kikubaaqudgha gifted it to you on level 7 of the Dungeon)
  7416 | D:7      | Received a gift from Kikubaaqudgha
  8126 | D:8      | Noticed a two-headed ogre
  8157 | D:8      | Killed a two-headed ogre
  8534 | D:9      | Reached ** piety under Kikubaaqudgha
  8534 | D:9      | Reached skill level 10 in Axes
  8552 | D:8      | HP: 2/53 [poisoned by a killer bee]
  8557 | D:8      | HP: 1/53 [poisoned by a killer bee]
  8562 | D:8      | HP: 1/53 [poisoned by a killer bee]
  8567 | D:8      | HP: 2/53 [poisoned by a killer bee]
  8783 | D:9      | Found a staircase to the Lair.
  8846 | D:9      | Found a staircase to the Orcish Mines.
  8853 | D:9      | Reached XP level 11. HP: 54/58 MP: 12/12
  8920 | D:9      | Noticed a two-headed ogre
  8929 | D:9      | Killed a two-headed ogre
  8984 | D:9      | Noticed a two-headed ogre
  9230 | D:9      | Found a blossoming altar of Fedhas.
  9240 | D:9      | Noticed an oklob plant
  9682 | D:9      | Reached *** piety under Kikubaaqudgha
  9682 | D:9      | Identified Kikubaaqudgha's Compendium of Dark Arts
                  | (Kikubaaqudgha gifted it to you on level 9 of the Dungeon)
  9682 | D:9      | Received a gift from Kikubaaqudgha
  9713 | D:10     | Entered Level 10 of the Dungeon
 10515 | D:8      | Got a fine ring mail
 10610 | D:8      | Identified the +4 ring mail "Fopabam" {*Slow Int+2 Dex+4}
                  | (You found it on level 8 of the Dungeon)
 10679 | D:11     | Noticed a centaur warrior
 10703 | D:11     | Killed a centaur warrior
 10703 | D:11     | Reached skill level 5 in Necromancy
 10848 | D:11     | Noticed a cyclops
 10864 | D:11     | Reached skill level 11 in Axes
 10866 | D:11     | Reached **** piety under Kikubaaqudgha
 10872 | D:11     | Killed a cyclops
 10876 | D:11     | Killed from afar by a big kobold

Illustrated notes

Levels and vault maps discovered:
D:1:      nicolae_arrival_somewhat_less_tricky_arrival, layout_basic
D:2:      layout_loops_cross, serial_undead, serial_undead_c, serial_undead_e,
          serial_undead_f, serial_undead_d, serial_undead_f, serial_undead_a,
          chequers_serial_rivers_large_a, chequers_serial_rivers_micro_c
D:3:      minmay_bubble_buster, layout_basic, led_sif_pool, first_ration,
          doesnt_xom_only_xom, uniq_jessica
D:4:      layout_rooms, serial_glass, glass_columns_c, glass_columns_a,
          minmay_strange_pillars, due_unseen_surprise,
          lightli_ossuary_entry_decrepit_ruins, uniq_menkaure
D:5:      layout_basic, uniq_pikel
D:6:      layout_loops_cross, nicolae_zen_rock_garden, uniq_eustachio
D:7:      layout_loops_ring, minmay_temple_entry_arrows, the_bakery
D:8:      layout_loops_ring, minmay_misc_feat_ornament, minmay_chambers_of_fives
D:9:      layout_irregular_city, dpeg_oklobed_lair, orc_0_dummy,
          chequers_serial_rivers_small_b, tgw_fedhas
D:10:     layout_long_grid
D:11:     minmay_diamond_stairs, layout_loops_corners,
          nicolae_dithmenos_shadow_blocks
Temple:   roderic_octagonal_lattice_temple

Skill      XL: |  1  2  3  4  5  6  7  8  9 10 11 |
---------------+----------------------------------+-----
Axes           | 2 3 4 5 7 9 10 11 | 11.1
Fighting       | 3 4 5 6 7 |  7.1
Shields        | 3 4 6 7 |  7.6
Armour         | 3 4 5 6 |  6.5
Necromancy     | 3 5 |  5.2

Action                   |  1- 3 |  4- 6 |  7- 9 | 10-12 || total
-------------------------+-------+-------+-------+-------++-------
Melee: War axe           |    77 |   158 |   349 |   510 ||  1094
       Bite              |    14 |    31 |   112 |   148 ||   305
  Use: Potion            |     1 |     3 |     5 |     4 ||    13
       Scroll            |       |     2 |    15 |     3 ||    20
  Eat: Chunk             |     2 |     6 |     8 |    18 ||    34
       Ration            |       |       |     1 |     1 ||     2
Armor: Scale mail        |    25 |    62 |    34 |       ||   121
       Skin              |       |       |    47 |    78 ||   125
       Chain mail        |       |       |    89 |   221 ||   310
       Ring mail         |       |       |       |    12 ||    12
Dodge: Dodged            |    27 |    57 |   103 |   164 ||   351
Block: Kite shield       |    46 |    83 |   168 |   323 ||   620
